 Seeded DCSS version 0.30.1-9-gdf580d7c3d (webtiles) character file.

Game seed: 7229806256980976716 (custom seed)

105 Psyclone the Digger (level 5, 38/38 HPs)
             Began as a Meteoran Earth Elementalist on Oct 16, 2023.
             Quit the game on level 2 of the Dungeon.
             The game lasted 00:02:50 (925 turns).

Psyclone the Digger (Meteoran Earth Elementalist)    Turns: 925, Time: 00:02:51

Health: 38/38      AC:  6    Str:  9    XL:     5   Next: 31%
Magic:  12/12      EV: 12    Int: 22    God:
Gold:   3838       SH:  0    Dex: 13    Spells: 11/12 levels left

rFire   . . .        (no weapon)
rCold   . . .        (no shield)
rNeg    . . .        a - +0 robe
rPois   .            (no helmet)
rElec   .            (no cloak)
rCorr   .            (no gloves)
SInv    .            (no boots)
Will    .....        (no amulet)
Stlth   +            (no ring)
HPRegen 0.26/turn    (no ring)
MPRegen 0.13/turn

%: no passive effects
@: glowing
A: sense surroundings 1, otherworldly, glowing, explore regen, claws 1,
iridescent scales 2, clever 1, evolution 1, MP-powered wands
a: no special abilities


You were on level 2 of the Dungeon.
You visited 1 branch of the dungeon, and saw 2 of its levels.

You collected 3838 gold pieces.

Inventory:

Missiles
 d - a throwing net {!f}
Armour
 a - a +0 robe (worn)
Scrolls
 c - 3 scrolls of amnesia {unknown}
 e - 2 scrolls of identify {unknown}
 f - a scroll of blinking {unknown}
 h - a scroll of enchant armour {unknown}
Potions
 b - a potion of magic
 g - a potion of might {unknown}
 i - a potion of invisibility {unknown}
 j - 2 potions of brilliance {unknown}
 k - 2 potions of curing {unknown}


   Skills:
 - Level 2.4 Dodging
 - Level 1.4 Stealth
 * Level 4.3 Spellcasting
 + Level 2.5 Transmutations
 * Level 4.9 Earth Magic


You had 11 spell levels left.
You knew the following spells:

 Your Spells              Type           Power      Damage    Failure   Level
a - Sandblast             Erth           52%        2d12      1%          1

Your spell library contained the following spells:

 Spells                   Type           Power      Damage    Failure   Level
 Passwall                 Tmut/Erth      17%        N/A       3%          2
 Stone Arrow              Conj/Erth      30%        3d8       12%         3
 Poisonous Vapours        Pois/Air       8%         N/A       17%         2
 Petrify                  Tmut/Erth      21%        N/A       22%         4
 Mephitic Cloud           Conj/Pois/Air  4%         N/A       32%         3
 Freezing Cloud           Conj/Ice/Air   2%         6-21      97%         5


Dungeon Overview and Level Annotations

Branches:
Dungeon (2/15) Zot: 247

Altars:


Innate Abilities, Weirdness & Mutations

You passively map a small area around you.
You are easily found by Zot.
You glow in the dark.
You regain HP and MP as you explore.
You have sharp fingernails.
You are mostly covered in iridescent scales. (AC +4)
Your mind is acute. (Int +4, Str/Dex -1)
You have hidden genetic potential.
You expend magic power (3 MP) to strengthen your wands.


Message History

Confirm with . or Enter, or press ? or * to list all spells.
Aiming: Sandblast (safe; 1% risk of failure)
Press: ? - help, Shift-Dir - straight line, f - jackal
Aim: a jackal (79% to hit)
The blast of sand hits the jackal!!
You kill the jackal!
The jackal barely misses you.
You now have 10/12 mp.
Casting: Sandblast (safe; 1% risk of failure)
Confirm with . or Enter, or press ? or * to list all spells.
Aiming: Sandblast (safe; 1% risk of failure)
Press: ? - help, Shift-Dir - straight line, f - jackal
Aim: a jackal (79% to hit)
The blast of sand misses the jackal.
The jackal bites you but does no damage. x2
You now have 9/12 mp.
Casting: Sandblast (safe; 1% risk of failure)
Confirm with . or Enter, or press ? or * to list all spells.
Aiming: Sandblast (safe; 1% risk of failure)
Press: ? - help, Shift-Dir - straight line, f/p - jackal
Aim: a jackal (79% to hit)
The blast of sand hits the jackal!!
You kill the jackal!
You now have 8/12 mp.
c - 3 scrolls labelled FUSKUR VIKLOEP (gained 1)
You see here a jackal corpse.
k - 2 black potions MP restored: 12 You open the door.
There is an open door here.
You see here 3 poisoned darts.
There is an open door here.
You see here a +0 plate armour.
Done exploring.
Done exploring.
Search for what [? for help]? .
Unknown command.
Unknown command.
Unknown command.
Are you sure you want to abandon this character and quit the game? (Confirm with "yes".)

#.....<.#....####'#..#.####
#......##....# ##.#....####
#......##....# #...........
################[.##.......
#...........##.......
#####...........++.......
#...............##.......
#...............#.......#
#.......@.......'.......#
########........#.......#
#........#.#######
#........#....# #
#........####.# #
#........# #.# ##########
#.#### #..... ######


There were no monsters in sight!

Vanquished Creatures
  A jelly (D:2)
  4 adders (D:2)
  2 worms (D:2)
  5 ball pythons
  2 bats
  2 endoplasms (D:2)
  A giant cockroach (D:1)
  4 hobgoblins
  6 jackals (D:2)
  2 quokkas
  A frilled lizard (D:1)
  A goblin (D:2)
  3 rats
34 creatures vanquished.

Notes
Turn   | Place    | Note
-------+----------+-------------------------------------------
     0 | D:1      | Psyclone the Meteoran Earth Elementalist began the quest
                  | for the Orb.
     0 | D:1      | Reached XP level 1. HP: 14/14 MP: 5/5
    64 | D:1      | Identified 3 scrolls of acquirement
    64 | D:1      | Acquired 1248 gold pieces
    65 | D:1      | Acquired 1275 gold pieces
    88 | D:1      | Acquired 1252 gold pieces
   159 | D:1      | Reached XP level 2. HP: 20/20 MP: 3/6
   193 | D:1      | Gained mutation: You are partially covered in iridescent
                  | scales. (AC +2) [potion of mutation]
   193 | D:1      | Gained mutation: You expend magic power (3 MP) to
                  | strengthen your wands. [potion of mutation]
   193 | D:1      | Gained mutation: You have hidden genetic potential. [potion
                  | of mutation]
   193 | D:1      | Gained mutation: You have great hidden genetic potential.
                  | [potion of mutation]
   360 | D:2      | Reached XP level 3. HP: 26/26 MP: 6/8
   364 | D:2      | Gained mutation: You are mostly covered in iridescent
                  | scales. (AC +4) [hidden potential]
   404 | D:2      | Reached XP level 4. HP: 33/33 MP: 8/10
   417 | D:2      | Gained mutation: You have sharp fingernails. [hidden
                  | potential]
   417 | D:2      | Lost mutation: You have great hidden genetic potential.
                  | [hidden potential expressed]
   834 | D:2      | Reached XP level 5. HP: 38/38 MP: 9/12
   837 | D:2      | Gained mutation: Your mind is acute. (Int +4, Str/Dex -1)
                  | [hidden potential]
   925 | D:2      | Quit the game

Illustrated notes

Levels and vault maps discovered:
D:1:      spicycebolla_arrival_ecumenical, layout_loops_ring
D:2:      layout_basic

Skill      XL: |  1  2  3  4 |
---------------+-------------+-----
Spellcasting   | 3 4 |  4.3
Earth Magic    | 4 |  4.9
Transmutations | 2 |  2.5
Dodging        | |  2.4
Stealth        | |  1.4

Action                     |  1- 3 |  4- 6 || total
---------------------------+-------+-------++-------
   Cast: Sandblast         |    27 |    29 ||    56
    Use: Scroll            |     3 |       ||     3
         Potion            |     1 |       ||     1
 Armour: Robe              |     2 |     8 ||    10
  Dodge: Dodged            |     9 |     9 ||    18
